 Dungeon Crawl Stone Soup version 0.30.1-3-gfc49f6343a (webtiles) character file.

Game seed: 6577945948537632644

148 Martska the Chopper (level 5, -9/47 HPs)
             Began as a Minotaur Gladiator on July 20, 2023.
             Mangled by Sigmund
             ... wielding a +0 scythe
              (11 damage)
             ... on level 3 of the Dungeon.
             The game lasted 00:01:56 (1501 turns).

Martska the Chopper (Minotaur Gladiator)            Turns: 1501, Time: 00:01:57

Health: -9/47      AC:  4    Str: 27    XL:     5   Next: 8%
Magic:  4/4        EV: 12    Int:  5    God:
Gold:   109        SH:  0    Dex: 11    Spells: 4/4 levels left

rFire   . . .        a - +0 war axe
rCold   . . .        (no shield)
rNeg    . . .        b - +0 leather armour
rPois   .            c - +0 hat
rElec   .            (no cloak)
rCorr   .            p - +0 pair of gloves
SInv    .            (no boots)
Will    .....        (no amulet)
Stlth   +            w - +6 ring of strength
HPRegen 0.27/turn    (no ring)
MPRegen 0.09/turn

%: no passive effects
@: no status effects
A: horns 2, retaliatory headbutt
a: no special abilities


You were on level 3 of the Dungeon.
You visited 1 branch of the dungeon, and saw 3 of its levels.

You collected 109 gold pieces.

Inventory:

Hand Weapons
 a - a +0 war axe (weapon)
Missiles
 d - 3 throwing nets (quivered)
 e - a javelin
Armour
 b - a +0 leather armour (worn)
 c - a +0 hat (worn)
 p - a +0 pair of gloves (worn)
Magical Staves
 l - a staff of earth
Jewellery
 i - a ring of positive energy
 u - a ring of fire
 w - a +6 ring of strength (left hand)
Scrolls
 f - a scroll of vulnerability {unknown}
 g - a scroll of silence {unknown}
 h - 3 scrolls of identify {unknown}
 j - 4 scrolls of teleportation {unknown}
 k - 4 scrolls of noise {unknown}
 m - a scroll of immolation {unknown}
 n - a scroll of enchant weapon {unknown}
 o - a scroll of fog {unknown}
 q - 2 scrolls of enchant armour {unknown}
 x - a scroll of magic mapping {unknown}
Potions
 r - a potion of heal wounds {unknown}
 s - a potion of curing {unknown}
 t - a potion of might {unknown}
 v - a potion of magic {unknown}


   Skills:
 * Level 4.4 Fighting
 * Level 5.2 Axes
 - Level 2.0 Throwing
 + Level 4.1 Dodging


You had 4 spell levels left.
You didn't know any spells.
Your spell library was empty.

Dungeon Overview and Level Annotations

Branches:
Dungeon (3/15)

Altars:
Kikubaaqudgha

Shops:
D:1 (

Annotations:
D:3 Sigmund


Innate Abilities, Weirdness & Mutations

You have a pair of horns on your head.
You reflexively headbutt those who attack you in melee.


Message History

You feel stronger.
w - a +6 ring of strength (left hand)
Something hits you.
You miss something. Your headbutt misses something.
Something barely misses you.
You hit something. Your headbutt misses something. Something hits you.
You closely miss something. Your headbutt misses something.
Something hits you but does no damage.
You slash something! Something barely misses you.
You completely miss something. You miss something.
Your headbutt misses something.
You hear some strange, mumbled words.
A magic dart appears from out of thin air!
The magic dart hits you. Something hits you!
You closely miss something. You closely miss something. You headbutt something.
Something hits you but does no damage.
You miss something.
You hear some strange, mumbled words.
A puff of flame appears from out of thin air!
The puff of flame misses you.
You closely miss something. Your headbutt misses something.
Something hits you but does no damage.
You hit something. Something hits you!
You miss something.
You hear some strange, mumbled words.
A magic dart appears from out of thin air!
The magic dart hits you!
You miss something.
You hear some strange, mumbled words.
A puff of flame appears from out of thin air!
The puff of flame hits you!
* * * LOW HITPOINT WARNING * * *
You miss something. Your headbutt misses something. Something hits you.
* * * LOW HITPOINT WARNING * * *
You hit something.
You hear some strange, mumbled words.
Something tries to affect you, but you resist.
You barely miss something. Your headbutt misses something. Something hits you!
You die...

# #.##.#.....##.
.#####>##.#####.##.
........#.#####.##.
#.....#..........
#####.......#####.###
#............# #.#
###.....#..# #.#
#.#####.###..# #.#
#..{@...# #..# ...
#...###.# #..# #.#
#... ........ ..#
#... #.......# #.##
#.###..# #. #.# .# #
... # .#


There were no monsters in sight!

Vanquished Creatures
  Natasha (thrice) (D:3)
  An adder (D:2)
  3 dart slugs
  6 endoplasms
  2 giant cockroaches (D:1)
  7 goblins
  7 hobgoblins
  5 kobolds
  4 quokkas
  6 ball pythons
  8 bats
  2 frilled lizards
  A rat (D:1)
55 creatures vanquished.

Notes
Turn   | Place    | Note
-------+----------+-------------------------------------------
     0 | D:1      | Martska the Minotaur Gladiator began the quest for the Orb.
     0 | D:1      | Reached XP level 1. HP: 18/18 MP: 0/0
    64 | D:1      | Reached XP level 2. HP: 22/25 MP: 1/1
   100 | D:1      | Found Sammih Bueq's Weapon Boutique.
   105 | D:1      | Reached skill level 4 in Axes
   279 | D:1      | Reached XP level 3. HP: 26/31 MP: 2/2
   286 | D:1      | You fall into a shaft and drop 1 floor!
  1025 | D:2      | Reached XP level 4. HP: 39/40 MP: 3/3
  1185 | D:3      | Noticed Natasha
  1190 | D:3      | Killed Natasha
  1234 | D:3      | Found an ancient bone altar of Kikubaaqudgha.
  1234 | D:3      | Noticed Natasha
  1245 | D:3      | Killed Natasha
  1246 | D:3      | Reached skill level 5 in Axes
  1395 | D:3      | Noticed Natasha
  1403 | D:3      | Killed Natasha
  1404 | D:3      | Reached XP level 5. HP: 40/47 MP: 4/4
  1481 | D:3      | Noticed Sigmund
  1499 | D:3      | HP: 1/47 [something (6)]
  1501 | D:3      | Mangled by Sigmund

Illustrated notes

Levels and vault maps discovered:
D:1:      lemuel_arrival_rhombus, layout_basic, serial_shops, shop,
          minmay_vboxes
D:2:      layout_basic
D:3:      layout_loops_ring, old_standard_altar, minitemple, uniq_terence,
          uniq_sigmund, uniq_jessica, uniq_natasha

Skill      XL: |  1  2  3  4 |
---------------+-------------+-----
Axes           | 4 5 |  5.2
Fighting       | 3 4 |  4.4
Dodging        | 4 |  4.1
Throwing       | |  2.0

Action                     |  1- 3 |  4- 6 || total
---------------------------+-------+-------++-------
  Melee: War axe           |    71 |    39 ||   110
         Headbutt          |     6 |     6 ||    12
 Armour: Leather armour    |    26 |     9 ||    35
  Dodge: Dodged            |    39 |    14 ||    53
